 Dungeon Crawl Stone Soup version 0.20-a0-513-g02c11fc (webtiles) character file.

475 anuswrecked the Magician (level 6, -8/47 HPs)
             Began as a Mummy Wizard on Jan 23, 2017.
             Killed from afar by Duffy's ghost (21 damage)
             ... with an orb of energy
             ... on level 3 of the Dungeon.
             The game lasted 00:26:15 (7248 turns).

anuswrecked the Magician (Mummy Wizard)             Turns: 7248, Time: 00:26:17

Health: -8/47      AC:  5    Str: 12    XL:     6   Next: 84%
Magic:  4/13       EV: 12    Int: 18    God:
Gold:   178        SH:  5    Dex: 13    Spells: 4/14 levels left

rFire    x . .     SeeInvis .   i - +1 spear (chaos)
rCold    + . .     Gourm    .   o - +0 leather armour {MR+}
rNeg     + + +     Faith    .   (no shield)
rPois    ∞         Spirit   .   e - +0 helmet
rElec    .         Reflect  +   (no cloak)
rCorr    .         Harm     .   (no gloves)
MR       +....                  j - +0 pair of boots
Stlth    ++........             a - +5 amulet of reflection
Regen    0.2/turn               (no ring)
                                g - +3 ring of dexterity

@: very slightly contaminated, repel missiles
A: no food or potions, fire vulnerability, cold resistance 1, negative energy
resistance 3, torment resistance, unbreathing
a: no special abilities


You were on level 3 of the Dungeon.
You were not hungry.

You visited 1 branch of the dungeon, and saw 4 of its levels.

You collected 178 gold pieces.

Inventory:

Hand Weapons
 i - a +1 spear of chaos (weapon)
Armour
 e - a +0 helmet (worn)
 j - a +0 pair of boots (worn)
 o - a +0 leather armour of magic resistance (worn)
Jewellery
 a - a +5 amulet of reflection (around neck)
 g - a +3 ring of dexterity (left hand)
Scrolls
 d - a scroll of fog {unknown}
 f - 2 scrolls of enchant weapon {unknown}
 h - 5 scrolls of amnesia
 k - 2 scrolls of remove curse
 l - a scroll of random uselessness
 m - a scroll of noise {unknown}
 n - a scroll of magic mapping {unknown}
Books
 c - a book of Minor Magic

   Spells                             Type                      Level
   a - Magic Dart                     Conjuration                  1
   b - Blink                          Translocation                2
   c - Call Imp                       Summoning                    2
   d - Repel Missiles                 Charms/Air                   2
   e - Slow                           Hexes                        2
   f - Conjure Flame                  Conjuration/Fire             3
   g - Mephitic Cloud                 Conjuration/Poison/Air       3


   Skills:
 + Level 3.0 Fighting
 + Level 1.4 Polearms
 + Level 2.1 Armour
 + Level 2.7 Dodging
 - Level 1.5 Stealth
 + Level 4.8 Spellcasting
 - Level 2.0 Conjurations
 - Level 0.7 Summonings
 - Level 0.7 Translocations
 * Level 1.4 Air Magic
 - Level 1.0 Poison Magic


You had 4 spell levels left.
You knew the following spells:

 Your Spells              Type           Power        Failure   Level  Hunger
a - Magic Dart            Conj           ##..         10%         1    N/A
b - Blink                 Tloc           N/A          24%         2    N/A
c - Call Imp              Summ           #.......     24%         2    N/A
e - Mephitic Cloud        Conj/Pois/Air  #.......     30%         3    N/A
z - Repel Missiles        Chrm/Air       #.....       24%         2    N/A

Dungeon Overview and Level Annotations

Branches:
Dungeon (4/15)
 Temple: D:4-7

Altars:
Makhleb
Xom

Annotations:
D:3 Duffy's ghost, amateur DECj


Innate Abilities, Weirdness & Mutations

You do not eat or drink.
Your flesh is vulnerable to fire.
You are immune to poison.
Your flesh is cold resistant. (rC+)
You are immune to negative energy. (rN+++)
You are immune to unholy pain and torment.
You can survive without breathing.


Message History

Press: ? - help, Shift-Dir - straight line, f/p - Duffy's ghost
Aim: Duffy's ghost (almost destroyed, slow)
You miscast Magic Dart.
You are very lightly contaminated with residual magic.
Nothing appears to happen.
Duffy's ghost hits you but does no damage.
Your iron imp closely misses Duffy's ghost.
Your crimson imp closely misses Duffy's ghost.
Casting: Magic Dart
Confirm with . or Enter, or press ? or * to list all spells.
Aiming: Magic Dart
Press: ? - help, Shift-Dir - straight line, f/p - Duffy's ghost
Aim: Duffy's ghost (almost destroyed, slow)
The magic dart hits Duffy's ghost.
Duffy's ghost is almost destroyed.
Duffy's ghost is no longer moving slowly.
Your iron imp misses Duffy's ghost.
Duffy's ghost gestures at you while chanting.
The orb of energy hits you!
You die...

##.....#.# ##.#.##.............
##.....#.######...##.............
.........##......###......%..####
##.....####.###..........W..## #
##.....# #.###.#####♣......#
.......# #.#....##..8♣.....#
###########.#.#...#.#♣....!.## #
# #........)#.5..........#### #
####.#######.@W5..............
#...(...# ##.##.#............
#.##.##.# #.##.##..♣♣.......
#.##.##.#####.##......♣.......
#.##....##.......##.#.........
#.#####.##.......##.#.......♣.
#.###[..##.......##.#......♣8♣
#.......##.......##......#####
#####.####.......#######.#


You could see Duffy's ghost, a friendly iron imp and a friendly crimson imp.

Vanquished Creatures
  An ogre (D:4)
  A centaur (D:4)
  A hound (D:4)
  An orc priest (D:4)
  An iguana (D:4)
  2 orc wizards (D:3)
  4 adders
  5 gnolls
  A worm (D:2)
  2 dart slugs
  4 orcs
  13 bats
  10 giant cockroaches
  2 goblins (D:2)
  6 hobgoblins
  7 jackals
  3 quokkas
  A ball python (D:1)
  7 frilled lizards
  11 kobolds
  8 rats
91 creatures vanquished.

Vanquished Creatures (collateral kills)
  A hound (D:4)
  A gnoll (D:4)
  An orc (D:4)
3 creatures vanquished.

Grand Total: 94 creatures vanquished

Notes
Turn   | Place    | Note
-------+----------+-------------------------------------------
     0 | D:1      | anuswrecked the Mummy Wizard began the quest for the Orb.
     0 | D:1      | Reached XP level 1. HP: 13/13 MP: 5/5
    93 | D:1      | Reached skill level 1 in Conjurations
   417 | D:1      | Reached XP level 2. HP: 11/20 MP: 1/7
   918 | D:1      | Reached skill level 1 in Fighting
  1144 | D:1      | Reached XP level 3. HP: 26/26 MP: 1/8
  1339 | D:2      | Learned a level 2 spell: Blink
  1342 | D:2      | Learned a level 2 spell: Call Imp
  1345 | D:2      | Learned a level 2 spell: Repel Missiles
  1349 | D:2      | Learned a level 3 spell: Mephitic Cloud
  2503 | D:2      | Reached XP level 4. HP: 28/32 MP: 1/10
  2668 | D:2      | Reached skill level 1 in Armour
  2755 | D:2      | Found a shimmering altar of Xom.
  2872 | D:2      | Found a faded altar of an unknown god.
  2944 | D:3      | Noticed Duffy's ghost (amateur DECj)
  3817 | D:3      | Found a burning altar of Makhleb.
  4290 | D:4      | Reached XP level 5. HP: 9/38 MP: 0/11
  4761 | D:4      | Noticed a centaur
  4772 | D:4      | Killed a centaur
  4772 | D:4      | Reached skill level 1 in Air Magic
  4951 | D:4      | Reached XP level 6. HP: 40/46 MP: 12/12
  5089 | D:4      | Reached skill level 1 in Polearms
  5266 | D:4      | Reached skill level 1 in Poison Magic
  7248 | D:3      | Killed from afar by Duffy's ghost

Vault maps used:
D:1:      dpeg_arrival_erosion
D:2:      tgw_xom, chequers_ecumenical_altar_lobes, first_bread
D:3:      nicolae_overflow_hidden_temple, kennysheep_decorative_pillar

Skill      XL: |  1  2  3  4  5  6 |
---------------+-------------------+-----
Conjurations   | 1 2 |  2.0
Fighting       | 1 2 3 |  3.0
Dodging        | 2 |  2.7
Armour         | 1 2 |  2.1
Air Magic      | 1 |  1.4
Polearms       | 1 |  1.4
Poison Magic   | 1 |  1.0
Stealth        | |  1.5
Spellcasting   | |  4.8
Summonings     | |  0.7
Translocations | |  0.7

Action                   |  1- 3 |  4- 6 || total
-------------------------+-------+-------++-------
Melee: Unarmed           |    69 |       ||    69
       Spear             |    52 |   139 ||   191
 Cast: Magic Dart        |   131 |    46 ||   177
       Repel Missiles    |     1 |       ||     1
       Call Imp          |       |    18 ||    18
       Mephitic Cloud    |       |     2 ||     2
  Use: Scroll            |       |     5 ||     5
 Stab: Confused          |       |     4 ||     4
       Distracted        |       |     1 ||     1
       Sleeping          |       |     1 ||     1
Armor: Robe              |    37 |       ||    37
       Leather armour    |    23 |    27 ||    50
Dodge: Dodged            |   160 |    55 ||   215
       Deflected         |       |     2 ||     2
Block: Other             |       |    21 ||    21
       Reflection        |       |     1 ||     1
